 Dungeon Crawl Stone Soup version 0.25-a0-523-g9afb2ee040 (webtiles) character file.

Game seed: 6327886891863816599, levelgen mode: deterministic

54 Flugslaktarn the Shield-Bearer (level 3, -1/34 HPs)
             Began as a Deep Dwarf Fighter on Feb 18, 2020.
             Slain by Edmund
             ... wielding a +2 dire flail of protection
              (8 damage)
             ... on level 4 of the Dungeon.
             The game lasted 00:00:15 (230 turns).

Flugslaktarn the Shield-Bearer (Deep Dwarf Fighter)  Turns: 230, Time: 00:00:16

Health: -1/34      AC:  7    Str: 20    XL:     3   Next: 66%
Magic:  3/3        EV:  7    Int:  8    God:
Gold:   13         SH:  9    Dex: 12    Spells: 2/2 levels left

rFire    . . .     SeeInvis .   a - +0 war axe
rCold    . . .     Gourm    .   c - +0 kite shield
rNeg     . . .     Faith    .   b - +0 scale mail
rPois    .         Spirit   .   (no helmet)
rElec    .         Reflect  .   (no cloak)
rCorr    .         Harm     .   (no gloves)
MR       .....                  (no boots)
Stlth    ..........             (no amulet)
HPRegen  0.00/turn              (no ring)
MPRegen  0.08/turn              (no ring)

@: non-regenerating
A: damage resistance, heal wounds, sense surroundings 1, no regeneration
a: Heal Wounds


You were on level 4 of the Dungeon.
You were not hungry.

You visited 1 branch of the dungeon, and saw 4 of its levels.

You collected 13 gold pieces.

Inventory:

Hand Weapons
 a - a +0 war axe (weapon)
Armour
 b - a +0 scale mail (worn)
 c - a +0 kite shield (worn)
Scrolls
 f - a scroll of identify {unknown}
 g - a scroll of remove curse {unknown}
 i - a scroll of fear {unknown}
Potions
 d - 2 potions of might
Comestibles
 e - 2 rations
 h - 7 chunks of flesh


   Skills:
 + Level 3.1 Fighting
 * Level 3.3 Axes
 + Level 3.7 Armour
 + Level 3.7 Shields


You had 2 spell levels left.
You didn't know any spells.
Your spell library was empty.

Dungeon Overview and Level Annotations

Branches:
Dungeon (4/15)
 Temple: D:4-7

Altars:

Annotations:
D:4 Edmund


Innate Abilities, Weirdness & Mutations

You are resistant to damage.
You can heal yourself by infusing magical energy.
You passively map a small area around you.
You do not regenerate.


Message History

You closely miss Edmund.
Edmund is lightly wounded.
Edmund hits you with a +2 dire flail of protection.
You barely miss Edmund.
Edmund is lightly wounded.
You block Edmund's attack.
Edmund says, "People accused me of being a cutpurse!"
You block Edmund's attack.
You barely miss Edmund.
Edmund is lightly wounded.
You block Edmund's attack.
You hit Edmund but do no damage.
Edmund is lightly wounded.
Edmund barely misses you.
You hit Edmund.
Edmund is moderately wounded.
Edmund hits you with a +2 dire flail of protection!
* * * LOW HITPOINT WARNING * * *
Edmund hits you with a +2 dire flail of protection!
You die...

#<..##....# , *
##........#....*,
* ##............#
.
#................
,
##..#............
,
#...#.##.........
,,
#.....##..##.....,
#.....#...#......
##.......@@......
, ,*
#................
,
#.......#........
##......#........
################ *
* ** * ,


You could see Edmund.

Vanquished Creatures
  An orc priest (D:3)
  An adder (D:2)
  A leopard gecko (D:1)
  3 orcs (D:3)
  A giant cockroach (D:4)
  A goblin (D:2)
  A kobold (D:2)
  4 rats
13 creatures vanquished.

Notes
Turn   | Place    | Note
-------+----------+-------------------------------------------
     0 | D:1      | Flugslaktarn the Deep Dwarf Fighter began the quest for the
                  | Orb.
     0 | D:1      | Reached XP level 1. HP: 20/20 MP: 1/1
   133 | D:2      | Reached XP level 2. HP: 20/27 MP: 2/2
   158 | D:3      | Reached XP level 3. HP: 28/34 MP: 3/3
   210 | D:4      | Noticed Edmund
   230 | D:4      | Slain by Edmund

Levels and vault maps discovered:
D:1:      lightli_arrival_statuegarden, layout_basic
D:2:      layout_loops_cross, first_ration, hangedman_abyss_or_decor_stabs
D:3:      layout_loops_ring, lemuel_doored_altar, uniq_natasha
D:4:      layout_cave_pools, nicolae_overflow_hidden_temple,
          portal_sewer_entry_a, serial_shops, kennysheep_little_box,
          skrybe_limestone_x, kennysheep_cluttered_room, uniq_edmund,
          uniq_crazy_yiuf_cottage

Skill      XL: |  1  2 |
---------------+-------+-----
Fighting       | 3 |  3.1
Axes           | 3 |  3.3
Armour         | |  3.7
Shields        | |  3.7

Action                   || total
-------------------------++-------
Melee: War axe           ||    48
 Abil: Heal Wounds       ||     1
Armor: Scale mail        ||    15
Dodge: Dodged            ||     9
Block: Kite shield       ||    21

Table legend:
 A = Non-vault XP
 B = Vault XP
 C = Vault XP percentage of total XP
 D = Non-vault monster count
 E = Vault monster count
 F = Vault count percentage of total count
                 A         B        C        D         E       F
            +---------+---------+-------+---------+---------+-------
      Total |      78 |       0 |   0.0 |      13 |       0 |   0.0
            +---------+---------+-------+---------+---------+-------
        D:1 |       4 |       0 |   0.0 |       2 |       0 |   0.0
        D:2 |      19 |       0 |   0.0 |       5 |       0 |   0.0
        D:3 |      53 |       0 |   0.0 |       5 |       0 |   0.0
        D:4 |       2 |       0 |   0.0 |       1 |       0 |   0.0
            +---------+---------+-------+---------+---------+-------
